Map: Radhuset Station LE

Players

Penguin - Winner!

  • Race: Terran Terran
  • Spawn Location: 1:00

Subwayeatn

  • Race: Zerg Zerg
  • League: Platinum
  • Spawn Location: 7:00

VOD

Have the link to the VOD?

Description

Time

  • Played on: Nov. 3, 2023, 6:31 p.m.
  • Length: 14:49
Show
View Real Time Build Order
Export as new Build Order

Penguin Terran - Winner!

Build Orders:  

Get SALT Encoding   

  12  0:00  SCV  
  13  0:17  Supply Depot, SCV  
  14  0:26  Refinery  
  14  0:29  SCV  
  15  0:44  Barracks  
  15  0:45  SCV  
  16  0:57  SCV  
  17  1:09  SCV  
  18  1:22  SCV  
  19  1:31  Marine  
  20  1:40  Bunker  
  20  1:45  Orbital Command  
  20  1:53  Marine  
  21  1:56  Command Center  
  21  2:10  Marine  
  21  2:14  Factory  
  22  2:21  Supply Depot  
  22  2:27  Refinery  
  22  2:29  Marine  
  23  2:42  SCV  
  24  2:47  Marine  
  25  2:55  SCV  
  26  3:01  Factory Tech Lab  
  26  3:02  Starport  
  26  3:14  SCV  
  26  3:18  Marine  
  28  3:27  SCV  
  28  3:28  Refinery  
  29  3:39  Viking, SCV  
  32  3:48  Fusion Core  
  32  3:50  SCV  
  32  3:52  Marine, SCV  
  35  4:01  Starport  
  35  4:04  SCV  
  35  4:07  Orbital Command  
  35  4:09  Refinery  
  36  4:29  SCV  
  37  4:31  Starport Tech Lab  
  37  4:36  SCV  
  38  4:40  Starport Tech Lab  
  38  4:54  Battlecruiser  
  44  5:09  Barracks  
  44  5:10  Battlecruiser  
  44  5:12  SCV  
  51  5:16  SCV  
  52  5:26  Weapon Refit  
  52  5:37  Engineering Bay  
  52  5:38  SCV  
  53  5:48  Barracks  
  53  5:53  Siege Tank  
  25  6:31  Supply Depot  
  21  6:44  SCV  
  22  6:56  SCV  
  22  6:59  Siege Tank  
  26  7:04  Marine  
  27  7:08  SCV  
  27  7:13  Marine  
  29  7:20  SCV  
  27  7:32  SCV  
  28  8:02  SCV  
  29  8:14  SCV  
  30  8:26  SCV  
  31  8:38  SCV  
  31  8:39  Orbital Command  
  32  8:49  Battlecruiser  
  32  8:50  SCV  
  39  9:17  SCV  
  39  9:23  SCV  
  41  9:29  SCV  
  42  9:35  SCV  
  43  9:41  SCV  
  43  9:45  Refinery  
  44  9:46  Refinery  
  44  9:47  SCV  
  45  9:53  SCV  
  45  9:59  SCV  
  47  10:05  SCV  
  48  10:18  SCV  
  49  10:26  Siege Tank  
  52  10:30  SCV x2  
  54  11:02  Missile Turret, SCV x2  
  56  11:07  Battlecruiser  
  62  11:22  Supply Depot  
  62  11:25  Missile Turret  
  62  11:35  Barracks  
  62  11:44  SCV x2  
  62  11:45  Supply Depot  
  64  11:48  Missile Turret  
  64  11:56  SCV  
  65  12:04  Missile Turret  
  65  12:08  SCV  
  65  12:09  Supply Depot  
  66  12:20  SCV  
  67  12:23  Bunker, Marine  
  67  12:25  Missile Turret  
  68  12:31  Supply Depot  
  68  12:33  Battlecruiser, SCV  
  75  12:39  Armory  
  75  12:41  Marine  
  76  12:47  Missile Turret  
  76  12:54  Supply Depot  
  76  12:59  Marine  
  77  13:17  Supply Depot, Marine  
  78  13:35  Marine  
Show
View Real Time Build Order
Export as new Build Order

Subwayeatn Zerg 

Build Orders: Hatch First, Zergling Baneling 

Get SALT Encoding   

  12  0:00  Drone  
  13  0:12  Overlord  
  13  0:18  Drone  
  14  0:30  Drone x2  
  16  0:50  Hatchery  
  16  0:54  Drone  
  17  0:57  Drone  
  17  1:00  Extractor  
  16  1:15  Spawning Pool  
  16  1:18  Drone  
  16  1:21  Drone  
  16  1:25  Drone  
  18  1:36  Overlord  
  19  1:40  Drone  
  19  1:50  Drone  
  20  2:03  Queen x2  
  20  2:06  Zergling x2  
  25  2:10  Zergling x2  
  25  2:15  Zergling x2  
  27  2:24  Metabolic Boost  
  27  2:37  Drone x4  
  27  2:43  Overlord  
  31  2:51  Queen  
  32  3:11  Baneling Nest  
  31  3:18  Drone x6  
  37  3:32  Drone x2  
  39  3:35  Drone  
  39  3:38  Drone x2  
  39  3:40  Drone  
  43  3:44  Overlord  
  43  3:57  Overlord  
  43  4:06  Zergling x10  
  48  4:17  Overlord  
  48  4:24  Overlord  
  48  4:26  Zergling x2  
  48  4:27  Zergling x6  
  48  4:30  Baneling  
  48  4:31  Baneling x3  
  52  4:33  Baneling x8  
  52  4:42  Overlord  
  52  4:46  Zergling x4  
  52  4:47  Zergling x8  
  52  4:49  Baneling  
  52  4:50  Baneling  
  58  5:06  Zergling x2  
  61  5:07  Zergling x10  
  64  5:15  Hatchery  
  64  5:19  Baneling x3  
  63  5:21  Zergling x2  
  63  5:22  Zergling x6  
  63  5:25  Zergling x2  
  63  5:26  Zergling x2  
  69  5:38  Zergling x4  
  71  5:45  Zergling x2  
  46  6:29  Queen  
  45  6:37  Queen  
  45  6:38  Zergling x2  
  45  6:39  Zergling x24  
  60  6:44  Spore Crawler  
  60  6:45  Spore Crawler  
  54  6:48  Spore Crawler  
  54  6:51  Zergling x2  
  54  6:52  Zergling x4  
  52  7:11  Spawning Pool  
  46  7:41  Extractor x2  
  46  7:42  Drone x3  
  37  8:04  Spore Crawler x2  
  34  8:11  Spore Crawler  
  33  8:13  Spore Crawler  
  28  8:26  Drone  
  22  8:27  Drone x4  
  22  8:38  Drone x3  
  25  8:46  Hatchery  
  24  8:57  Spore Crawler  
  24  8:58  Spore Crawler  
  22  9:11  Hatchery  
  21  9:33  Hatchery  
  18  10:15  Hatchery  
  16  10:48  Drone  
  16  10:57  Hatchery  
  15  11:09  Hatchery  
  14  11:13  Spawning Pool  
  13  11:29  Drone x4  
  17  11:33  Pneumatized Carapace  
  17  11:42  Drone x2  
  19  11:48  Drone  
  20  12:02  Queen  
  20  12:05  Drone x3  
  25  12:11  Queen  
  27  12:16  Drone  
  27  12:18  Drone  
  27  12:22  Drone  
  30  12:42  Lair  
  30  12:45  Drone x4  
  34  12:57  Drone x2  
  36  13:05  Queen  
  36  13:30  Spore Crawler  
  36  13:32  Spore Crawler x2  
  30  13:49  Hydralisk Den  
  30  13:51  Hydralisk Den  
  28  13:59  Drone x3  
  28  14:00  Extractor  
  32  14:18  Hydralisk  
  32  14:19  Hydralisk  
  34  14:26  Overlord  
Tags
 
League
Platinum
Matchup
TvZ
Replay Pack
Multiplayer
Spawn Locations
Cross Positions
Add a new tag
Caveats
  • Supply blocks, unpowered buildings, or Contaminate may cause inaccurate times.
  • Supply counts are checked every 10 seconds.